 Dungeon Crawl Stone Soup version 0.24.1-8-ga250c9d538 (webtiles) character file.

Game seed: 1261974939812550787, levelgen mode: deterministic

65 Hugehornet the Changer (level 4, 0/28 HPs)
             Began as an Octopode Transmuter on May 4, 2020.
             Was an Initiate of Cheibriados.
             Succumbed to an adder's poison
             ... on level 2 of the Dungeon.
             The game lasted 00:02:51 (1315 turns).

Hugehornet the Changer (Octopode Transmuter)        Turns: 1315, Time: 00:02:51

Health: 0/28       AC:  1    Str: 15    XL:     4   Next: 14%
Magic:  7/7        EV: 13    Int: 14    God:    Cheibriados [......]
Gold:   109        SH:  0    Dex: 13    Spells: 1/7 levels left

rFire    . . .     SeeInvis .     - Unarmed
rCold    . . .     Gourm    .   (no shield)
rNeg     . . .     Faith    .   (helmet restricted)
rPois    .         Spirit   .   (no amulet)
rElec    .         Reflect  .   e - ring of teleportation (curse)
rCorr    .         Harm     .   g - -3 ring of intelligence (curse)
MR       .....     Rnd*Tele +   (no ring)
Stlth    ++........             (no ring)
HPRegen  0.09/turn              (no ring)
MPRegen  0.10/turn              (no ring)
                                (no ring)
                                (no ring)

@: mighty, lethally poisoned (0 -> -18), appendage (expiring), flying, very slow
A: almost no armour, stealthy swim, amphibious, 8 rings, constrict 8, tentacle
spike 3, camouflage 1, gelatinous body 1
a: End Transformation, Bend Time, Renounce Religion


You were on level 2 of the Dungeon.
You worshipped Cheibriados.
Cheibriados was noncommittal.
You were not hungry.
One of your tentacles had a temporary spike.
You visited 1 branch of the dungeon, and saw 2 of its levels.

You collected 109 gold pieces.

Inventory:

Missiles
 a - 12 arrows
Jewellery
 e - a cursed ring of teleportation (left tentacle)
 g - a cursed -3 ring of intelligence (right tentacle)
Scrolls
 d - 2 scrolls of teleportation
Potions
 f - a potion of brilliance
 i - a potion of might
Comestibles
 b - 3 chunks of flesh
 c - 5 rations


   Skills:
 - Level 1.0 Fighting
 - Level 2.0 Dodging
 * Level 3.3 Unarmed Combat
 - Level 2.0 Spellcasting
 * Level 3.8 Transmutations
 + Level 1.0 Poison Magic


You had one spell level left.
You knew the following spells:

 Your Spells              Type           Power        Failure   Level  Hunger
a - Beastly Appendage     Tmut           ##....       4%          1    ##.....
b - Sticks to Snakes      Tmut           ##......     8%          2    ###....
c - Spider Form           Tmut/Pois      #.........   26%         3    ####...

Your spell library contained the following spells:

 Spells                   Type           Power        Failure   Level  Hunger
 Ice Form                 Ice/Tmut       #.......     73%         4    #####..
 Blade Hands              Tmut           ##........   80%         5    ######.


Dungeon Overview and Level Annotations

Branches:
Dungeon (2/15)

Altars:
Cheibriados
Elyvilon


Innate Abilities, Weirdness & Mutations

You cannot wear most types of armour.
You are very stealthy in the water. (Stealth+)
You are amphibious.
You can wear up to eight rings at the same time.
You can use your tentacles to constrict eight enemies at once.
Your skin changes colour to match your surroundings (Stealth+).
Your rubbery body absorbs attacks. (AC +1, EV +1)
One of your tentacles bears a large vicious spike.


Message History

The adder closely misses you.
* * * LOW HITPOINT WARNING * * *
You feel sick. The adder bites you.
* * * LOW HITPOINT WARNING * * *
You are lethally poisoned!
The adder poisons you! The adder closely misses you.
It was a potion of might.
You feel very mighty all of a sudden.
* * * LOW HITPOINT WARNING * * *
You feel sick. The adder barely misses you. The adder bites you.
* * * LOW HITPOINT WARNING * * *
You are more poisoned.
The adder poisons you! The adder bites you.
* * * LOW HITPOINT WARNING * * *
You are more poisoned.
The adder poisons you!
It was a potion of flight.
You feel very buoyant.
You fly up into the air.
You die...

###...##..#
#...............#.#
###...##.##
#.##............#..
......#..#
.......#..........##.#
###...#.###.
#####...........#
####........ #......>....#
...#.......#
###............##
#.#..#..####..............##
#.).###.###..###.#
##...#.......##S@.#
....<#.........S###
##..........(.(g.##
#..)..............####
.....................#
..............).......
......................
..##.................. .#
##....<............


You could see 2 adders and a hobgoblin.

Vanquished Creatures
  2 adders (D:2)
  A worm (D:2)
  2 dart slugs
  A leopard gecko (D:1)
  2 giant cockroaches
  5 goblins
  4 hobgoblins
  2 jackals (D:1)
  6 kobolds
  A ball python (D:1)
  6 bats
  4 frilled lizards
  5 rats
41 creatures vanquished.

Notes
Turn   | Place    | Note
-------+----------+-------------------------------------------
     0 | D:1      | Hugehornet the Octopode Transmuter began the quest for the
                  | Orb.
     0 | D:1      | Reached XP level 1. HP: 13/13 MP: 3/3
   288 | D:1      | Reached XP level 2. HP: 17/18 MP: 3/5
   488 | D:1      | Learned a level 2 spell: Sticks to Snakes
   752 | D:1      | Reached XP level 3. HP: 16/23 MP: 4/6
   757 | D:1      | Learned a level 3 spell: Spider Form
  1041 | D:2      | Reached XP level 4. HP: 26/28 MP: 5/7
  1238 | D:2      | Found a white marble altar of Elyvilon.
  1238 | D:2      | Found a snail-covered altar of Cheibriados.
  1241 | D:2      | Became a worshipper of Cheibriados the Contemplative
  1269 | D:2      | Found a faded altar of an unknown god.
  1274 | D:2      | Reached skill level 1 in Poison Magic
  1314 | D:2      | HP: 1/28 [adder (2)]
  1315 | D:2      | Succumbed to an adder's poison

Levels and vault maps discovered:
D:1:      grunt_arrival_crossed_arrows, layout_rooms, minmay_hedge_maze,
          minmay_quantized
D:2:      layout_rooms, gammafunk_temple_overflow_elements, first_ration,
          chequers_ecumenical_altar_simple_redux

Skill      XL: |  1  2  3  4 |
---------------+-------------+-----
Transmutations | 3 |  3.8
Poison Magic   | 1 |  1.0
Fighting       | |  1.0
Dodging        | |  2.0
Unarmed Combat | |  3.3
Spellcasting   | |  2.0

Action                   |  1- 3 |  4- 6 || total
-------------------------+-------+-------++-------
Melee: Unarmed           |    71 |    16 ||    87
       Constrict         |    19 |     6 ||    25
       Kick              |     9 |     3 ||    12
       Tentacles         |     7 |     4 ||    11
       Punch             |     2 |     1 ||     3
 Cast: Beastly Appendage |    20 |     4 ||    24
  Use: Scroll            |     2 |       ||     2
       Potion            |       |     2 ||     2
 Stab: Sleeping          |     6 |       ||     6
  Eat: Chunk             |     1 |     1 ||     2
Armor: Skin              |     5 |       ||     5
Dodge: Dodged            |    43 |    16 ||    59
